 Dungeon Crawl Stone Soup version 0.21.1-1-g345015fe64 (webtiles) character file.

677 Kejsarherre the Ogre Mage (level 7, 0/71 HPs)
             Began as an Ogre Wizard on Apr 30, 2018.
             Killed from afar by a centaur (27 damage)
             ... with a wand of acid (9)
             ... on level 5 of the Dungeon.
             The game lasted 00:24:21 (4968 turns).

Kejsarherre the Ogre Mage (Ogre Wizard)             Turns: 4968, Time: 00:24:31

Health: 0/71       AC:  2    Str: 13 (14) XL:     7   Next: 60%
Magic:  13/15      EV:  9    Int: 16 (19) God:
Gold:   144        SH:  0    Dex:  4 (7)  Spells: 10/17 levels left

rFire    . . .     SeeInvis +   q - +3 mace "Lihuusk" {freeze, -Tele rElec rPois SInv} (curse)
rCold    . . .     Gourm    .   (no shield)
rNeg     . . .     Faith    .   h - +2 robe {MR+}
rPois    +         Spirit   .   b - +0 hat
rElec    +         Reflect  .   m - +0 cloak
rCorr    .         Harm     .   (gloves unavailable)
MR       +....     NoTele   +   (boots unavailable)
Stlth    +.........             (no amulet)
HPRegen  0.21/turn              (no ring)
MPRegen  0.14/turn              (no ring)

@: corroded, very slow
A: large, unfitting armour, tough skin 1
a: no special abilities


You were on level 5 of the Dungeon.
You were not hungry.

You visited 1 branch of the dungeon, and saw 5 of its levels.

You collected 144 gold pieces.

Inventory:

Hand Weapons
 e - a +3 mace of holy wrath
 j - a +2 dagger of speed
 k - a +0 mace of draining
 p - a +2 mace of protection
 q - the cursed +3 mace "Lihuusk" (weapon) {freeze, -Tele rElec rPois SInv}
   (You found it on level 4 of the Dungeon)

   It has been specially enchanted to freeze those struck by it, causing extra
   injury to most foes and up to half again as much damage against particularly
   susceptible opponents.
   It can also slow down cold-blooded creatures.
   It insulates you from electricity.
   It protects you from poison.
   It lets you see invisible.
   It prevents most forms of teleportation.
   It has a curse placed upon it.
 r - a +0 flail
 s - a +0 mace
Armour
 a - a +0 robe
 b - a +0 hat (worn)
 h - a +2 robe of magic resistance (worn)
 m - a +0 cloak (worn)
Jewellery
 o - an uncursed ring of loudness
Wands
 u - a wand of acid (6)
Scrolls
 f - a scroll of teleportation
 g - 2 scrolls of blinking
 i - a scroll of random uselessness {unknown}
 l - a scroll of enchant armour
 t - a scroll of fear {unknown}
Potions
 n - 2 potions of lignification
Books
 c - a book of Minor Magic

   Spells                             Type                      Level
   a - Magic Dart                     Conjuration                  1
   b - Blink                          Translocation                2
   c - Call Imp                       Summoning                    2
   d - Slow                           Hexes                        2
   e - Conjure Flame                  Conjuration/Fire             3
   f - Mephitic Cloud                 Conjuration/Poison/Air       3
Comestibles
 d - 6 rations


   Skills:
 - Level 4.4 Fighting
 + Level 4.2 Maces & Flails
 - Level 1.7 Dodging
 - Level 1.4 Stealth
 - Level 5.7 Spellcasting
 - Level 2.0 Conjurations
 - Level 2.2 Summonings
 - Level 0.8 Translocations


You had 10 spell levels left.
You knew the following spells:

 Your Spells              Type           Power        Failure   Level  Hunger
b - Call Imp              Summ           ##......     9%          2    #......
c - Conjure Flame         Conj/Fire      #.......     28%         3    ##.....
d - Blink                 Tloc           N/A          16%         2    #......


Dungeon Overview and Level Annotations

Branches:
Dungeon (5/15)             Temple (0/1) D:5

Altars:
Zin


Innate Abilities, Weirdness & Mutations

You are too large for most types of armour.
You have tough skin. (AC +1)


Message History

d - 6 rations (gained 1)
Found a crooked silver wand.
Found a staircase to the Ecumenical Temple.
u - a wand of acid (6)
Found 25 bolts.
Found a stone staircase leading down.
A centaur comes into view.
You enter the shallow water.
Moving in this stuff is going to be slow.
The centaur shouts!
The centaur zaps a wand.
The bolt of acid hits you! The acid corrodes you!
You are splashed with acid!
The acid burns!
It is a wand of acid (9).
A shadow imp comes into view.
Casting: Call Imp
Confirm with . or Enter, or press ? or * to list all spells.
A beastly little devil appears in a puff of frigid air.
The shadow imp shouts!
The centaur wields a shortbow.
The centaur shoots an arrow.
The arrow hits you!
You hear a splash.
The centaur zaps a wand.
The bolt of acid hits you!
You die...

#.#......## #.
#.###...#. #.#
#..... #.# #.#...
#.###.### #
#..##.###.#.
#...≈≈§..(..
##.≈≈§≈≈..#.
#≈§@§≈≈§...
#≈5≈>§§§##.#
#≈§≈§c≈≈.#.#.
#.≈§§≈≈..#....
#..≈≈≈..>#.....#####
#####.##.5..........
.# .#.....##### ..
##... ##.


You could see a centaur, a shadow imp and a friendly white imp.

Vanquished Creatures
  A bullfrog (D:5)
  A centaur zombie (D:5)
  2 orc priests (D:4)
  Crazy Yiuf (D:4)
  An orc wizard (D:4)
  Terence (D:2)
  2 worker ants (D:4)
  8 adders
  A shadow imp (D:5)
  An ooze (D:5)
  An adder skeleton (D:4)
  3 dart slugs
  9 orcs
  A ball python (D:2)
  5 bats
  3 giant cockroaches
  8 goblins
  3 hobgoblins
  2 jackals (D:3)
  6 kobolds
  A quokka (D:4)
  A frilled lizard (D:1)
  A leopard gecko skeleton (D:5)
  4 rats
67 creatures vanquished.

Vanquished Creatures (collateral kills)
  The ghost of Ivernyr the Charmwright, an amateur DsSk of Nemelex Xobeh (D:4)
  A phantom (D:5)
  A centaur (D:5)
  A scorpion (D:5)
  2 worker ants
  A hound skeleton (D:4)
  3 orcs (D:3)
  A jackal zombie (D:5)
11 creatures vanquished.

Grand Total: 78 creatures vanquished

Notes
Turn   | Place    | Note
-------+----------+-------------------------------------------
     0 | D:1      | Kejsarherre the Ogre Wizard began the quest for the Orb.
     0 | D:1      | Reached XP level 1. HP: 16/16 MP: 5/5
   132 | D:1      | Reached skill level 4 in Spellcasting
   132 | D:1      | Reached XP level 2. HP: 21/26 MP: 1/7
   247 | D:1      | Learned a level 2 spell: Call Imp
   355 | D:1      | Reached skill level 1 in Fighting
   598 | D:2      | Reached XP level 3. HP: 32/33 MP: 6/9
   748 | D:2      | Noticed Terence
   764 | D:2      | Killed Terence
   764 | D:2      | Reached skill level 5 in Spellcasting
   764 | D:2      | Reached XP level 4. HP: 32/42 MP: 9/11
   816 | D:2      | Reached skill level 1 in Summonings
   834 | D:2      | Found a glowing silver altar of Zin.
   872 | D:2      | Reached skill level 1 in Conjurations
  2019 | D:3      | Reached skill level 1 in Maces & Flails
  2223 | D:4      | Reached XP level 5. HP: 44/52 MP: 8/12
  2415 | D:4      | Noticed Ivernyr's ghost (amateur DsSk)
  2430 | D:4      | Killed Ivernyr's ghost
  2430 | D:4      | Reached XP level 6. HP: 37/61 MP: 5/13
  3023 | D:4      | Learned a level 3 spell: Conjure Flame
  3026 | D:4      | Learned a level 2 spell: Blink
  3378 | D:4      | Found a runed door.
  3384 | D:4      | Noticed Crazy Yiuf
  3410 | D:4      | Killed Crazy Yiuf
  3438 | D:4      | Got a polished mace
  4055 | D:4      | Identified the cursed +3 mace "Lihuusk" {freeze, -Tele rElec rPois SInv} (You found it on level 4 of the Dungeon)
  4077 | D:5      | Entered Level 5 of the Dungeon
  4077 | D:5      | Noticed a sky beast
  4422 | D:5      | Reached XP level 7. HP: 55/71 MP: 15/15
  4697 | D:5      | HP: 5/106 [centaur (3)]
  4960 | D:5      | Found a staircase to the Ecumenical Temple.
  4968 | D:5      | Killed from afar by a centaur

Skill      XL: |  1  2  3  4  5  6  7 |
---------------+----------------------+-----
Spellcasting   | 4 5 |  5.7
Fighting       | 1 2 3 4 |  4.4
Summonings     | 1 2 |  2.2
Conjurations   | 1 2 |  2.0
Maces & Flails | 1 2 4 |  4.2
Dodging        | |  1.7
Stealth        | |  1.4
Translocations | |  0.8

Action                   |  1- 3 |  4- 6 |  7- 9 || total
-------------------------+-------+-------+-------++-------
Melee: Unarmed           |    17 |       |       ||    17
       Dagger            |    35 |   222 |       ||   257
       Mace              |       |    15 |    40 ||    55
 Cast: Magic Dart        |    33 |    16 |       ||    49
       Call Imp          |     1 |    26 |    14 ||    41
       Conjure Flame     |       |     3 |     3 ||     6
       Blink             |       |     1 |       ||     1
  Use: Scroll            |       |     6 |       ||     6
       Potion            |       |       |     3 ||     3
 Stab: Sleeping          |       |     1 |       ||     1
  Eat: Chunk             |       |     9 |     1 ||    10
       Ration            |       |     1 |       ||     1
Armor: Robe              |    27 |    41 |     5 ||    73
       Skin              |       |       |    16 ||    16
Dodge: Dodged            |    26 |    88 |    13 ||   127
